 Dungeon Crawl Stone Soup version 0.25-a0-614-g73ad250637 (webtiles) character file.

Game seed: 3474286528226597784, levelgen mode: deterministic

1748 n0claF the Chopper (level 8, -1/80 HPs)
             Began as a Troll Fighter on Mar 17, 2020.
             Hit by a silver boomerang thrown by an orc warrior (8 damage)
             ... on level 6 of the Dungeon.
             The game lasted 00:18:22 (5465 turns).

n0claF the Chopper (Troll Fighter)                  Turns: 5465, Time: 00:18:23

Health: -1/80      AC:  9    Str: 29    XL:     8   Next: 78%
Magic:  7/7        EV:  8    Int:  4    God:
Gold:   257        SH: 10    Dex:  9    Spells: 7/7 levels left

rFire    . . .     SeeInvis .   a - +0 war axe
rCold    . . .     Gourm    +   c - +1 kite shield
rNeg     . . .     Faith    .   b - +0 robe
rPois    .         Spirit   .   (helmet restricted)
rElec    .         Reflect  .   A - +2 cloak
rCorr    .         Harm     .   (gloves unavailable)
MR       .....                  (boots unavailable)
Stlth    +.........             (no amulet)
HPRegen  0.63/turn              s - +2 ring of strength
MPRegen  0.10/turn              (no ring)

@: mighty
A: large, unfitting armour, claws 3, fast metabolism 3, gourmand, regeneration
1, shaggy fur 1, tough skin 3
a: no special abilities


You were on level 6 of the Dungeon.
You were very full.

You visited 2 branches of the dungeon, and saw 8 of its levels.

You collected 257 gold pieces.

Inventory:

Hand Weapons
 a - a +0 war axe (weapon)
Missiles
 u - a throwing net (quivered) {!f}
Armour
 b - a +0 robe (worn)
 c - a +1 kite shield (worn)
 A - a +2 cloak (worn)
   (You found it on level 4 of the Dungeon)
Jewellery
 s - a +2 ring of strength (left claw)
   (You found it on level 3 of the Dungeon)
 x - an uncursed ring of magical power {unknown}
   (You found it on level 6 of the Dungeon)
Wands
 q - a wand of polymorph (8)
   (You found it on level 6 of the Dungeon)
 t - a wand of flame (19)
   (You found it on level 4 of the Dungeon)
Scrolls
 f - a scroll of identify {@r1}
 i - a scroll of teleportation {@r4}
 j - a scroll of amnesia
 l - a scroll of noise {unknown}
 m - a scroll of remove curse {@r2}
 p - a scroll of immolation {unknown}
Potions
 g - 2 potions of mutation {!q}
 h - a potion of flight
 k - 4 potions of lignification {!q}
 n - 2 potions of magic
 o - a potion of heal wounds {unknown}
 r - 3 potions of curing {@q1}
 v - a potion of ambrosia {unknown}
 w - 2 potions of haste {@q3}
 z - a potion of invisibility
Comestibles
 e - 15 rations {!d}


   Skills:
 + Level 5.3 Fighting
 * Level 6.9 Axes
 - Level 3.4 Armour
 - Level 2.4 Dodging
 + Level 3.7 Shields


You had 7 spell levels left.
You didn't know any spells.
Your spell library contained the following spells:

 Spells                   Type           Power        Failure   Level  Hunger
 Irradiate                Conj/Tmut      #.........   100%        5    ######.
 Hydra Form               Tmut           #.........   100%        6    #######
 Statue Form              Tmut/Erth      #........    100%        6    #######
 Dragon Form              Tmut           #.........   100%        7    #######


Dungeon Overview and Level Annotations

Branches:
Dungeon (7/15)             Temple (1/1) D:4

Altars:
Ashenzari
Cheibriados
Dithmenos
Elyvilon
Gozag
Hepliaklqana
Kikubaaqudgha
Makhleb
Nemelex Xobeh
Qazlal
Ru
Sif Muna
Trog
Uskayaw
Vehumet
Wu Jian
Xom
Zin
The Shining One

Shops:
D:5 (

Portals:
Bailey: D:7


Innate Abilities, Weirdness & Mutations

You are too large for most types of armour.
You have claws for hands.
Your metabolism is lightning-fast.
You like to eat raw meat.
Your natural rate of healing is unusually fast.
You are covered in fur. (AC +1)
You have extremely tough skin. (AC +3)


Message History

You block the quasit's attack.
The quasit claws you but does no damage.
You slash the quasit! You miss something. You hit the orc warrior.
The quasit barely misses you.
The quasit claws you but does no damage.
You block the quasit's attack.
The orc warrior hits you but does no damage.
Something hits you. Something shocks you.
* * * LOW HITPOINT WARNING * * *
The gnoll closely misses you.
You slice the quasit!!
You kill the quasit!
You closely miss the orc warrior. You miss something. Something hits you.
* * * LOW HITPOINT WARNING * * *
Something shocks you.
* * * LOW HITPOINT WARNING * * *
The orc warrior hits you with a +0 short sword!
* * * LOW HITPOINT WARNING * * *
The gnoll hits you but does no damage. You block something's attack.
You block the orc warrior's attack.
You completely miss the orc warrior. You slash something!
The gnoll hits you from afar with a +0 spear.
* * * LOW HITPOINT WARNING * * *
Something hits you.
* * * LOW HITPOINT WARNING * * *
Something shocks you.
* * * LOW HITPOINT WARNING * * *
The orc warrior hits you with a +0 short sword.
* * * LOW HITPOINT WARNING * * *
The gnoll hits you but does no damage. Something hits you but does no damage.
The orc warrior hits you but does no damage.
The gnoll barely misses you.
You climb upwards.
Reactivating autopickup.
There is a stone staircase leading down here.
Unknown command.
You feel better.
A sky beast appears from thin air!
The sky beast hits you but does no damage.
The orc warrior hits you with a +0 short sword!
* * * LOW HITPOINT WARNING * * *
You block the sky beast's attack.
The orc warrior throws a silver boomerang.
You block the silver boomerang.
The weapon returns to the orc warrior!
You barely miss the sky beast. You block the sky beast's attack.
The orc warrior throws a silver boomerang.
The silver boomerang hits you!
You die...

........#...#.###
##......##.
...(..####......##
#.....##### #....##
##..#...# ##....####
# ...### ##..#..#
##........# ..##
##..### #.........##
..# #### ##..##
##..........#
..####..##
##..###...........##
..##.....###
##Y##.............#
..#........##
#@>#...........###
............#
##.o...#########
..##.......##
##....# ..###......#
##..## .[# ##.....#
#..########## ..#
##...##
##.#.......<### ..##
#####
##..............
...##
#...............
....##
#...............


You could see an orc warrior and a sky beast.

Vanquished Creatures
  Sigmund (D:2)
  An orc warrior (D:6)
  2 ogres (D:6)
  A centaur (D:5)
  Blork the orc (D:4)
  A bullfrog (D:6)
  5 scorpions
  2 howler monkeys
  A quasit (D:7)
  A bullfrog skeleton (D:4)
  A jelly (D:4)
  A hound (D:6)
  2 orc priests (D:3)
  A centaur skeleton (D:6)
  Natasha (thrice) (D:4)
  3 worker ants
  15 adders
  12 gnolls
  3 shadow imps
  2 oozes
  2 adder skeletons
  7 worms
  3 dart slugs
  2 leopard geckos
  15 orcs
  8 bats
  6 giant cockroaches
  7 goblins
  7 hobgoblins
  14 jackals
  2 quokkas
  A ball python (D:5)
  6 frilled lizards
  7 kobolds
  A quokka skeleton (D:5)
  4 rats
151 creatures vanquished.

Notes
Turn   | Place    | Note
-------+----------+-------------------------------------------
     0 | D:1      | n0claF the Troll Fighter began the quest for the Orb.
     0 | D:1      | Reached XP level 1. HP: 22/22 MP: 0/0
    14 | D:1      | Reached skill level 2 in Axes
    14 | D:1      | Reached XP level 2. HP: 20/29 MP: 1/1
   175 | D:1      | Reached XP level 3. HP: 36/36 MP: 2/2
   388 | D:1      | Reached skill level 1 in Armour
   581 | D:1      | Found an opulent altar of Gozag.
   585 | D:1      | Found a shimmering altar of Xom.
   585 | D:1      | Found a hide-covered altar of Uskayaw.
   587 | D:1      | Found a shimmering altar of Xom.
   587 | D:1      | Found a glowing silver altar of Zin.
   587 | D:1      | Found a sacrificial altar of Ru.
  1171 | D:2      | Noticed Sigmund
  1320 | D:2      | Reached XP level 4. HP: 45/45 MP: 3/3
  1374 | D:2      | Reached skill level 3 in Axes
  1538 | D:2      | Found a shattered altar of Ashenzari.
  1542 | D:2      | Saw a vision of the Swamp and the Snake Pit.
  1542 | D:2      | Noticed a swamp drake
  1542 | D:2      | Noticed a water moccasin
  1542 | D:2      | Noticed an alligator
  1542 | D:2      | Noticed a hornet
  1542 | D:2      | Noticed a naga mage
  1542 | D:2      | Noticed an anaconda
  1542 | D:2      | Noticed a naga warrior
  1542 | D:2      | Noticed a naga mage
  1543 | D:2      | Noticed a naga warrior
  1544 | D:2      | Noticed a black mamba
  1544 | D:2      | Noticed a mana viper
  1620 | D:2      | Killed Sigmund
  1620 | D:2      | Reached XP level 5. HP: 52/53 MP: 4/4
  1620 | D:2      | Reached XP level 6. HP: 60/61 MP: 5/5
  1706 | D:2      | Found a faded altar of an unknown god.
  2129 | D:3      | Reached skill level 4 in Axes
  2282 | D:3      | Found a radiant altar of Vehumet.
  2302 | D:3      | Found a bloodstained altar of Trog.
  2972 | D:4      | Noticed Blork the orc
  2997 | D:4      | Killed Blork the orc
  2997 | D:4      | Reached XP level 7. HP: 9/70 MP: 6/6
  3264 | D:4      | Reached skill level 5 in Axes
  3391 | D:4      | Found a sparkling altar of Nemelex Xobeh.
  3412 | D:4      | Found a glowing silver altar of Zin.
  3412 | D:4      | Noticed Natasha
  3418 | D:4      | Killed Natasha
  3532 | D:4      | Noticed Natasha
  3536 | D:4      | Killed Natasha
  3601 | D:4      | Noticed Natasha
  3605 | D:4      | Killed Natasha
  3681 | D:4      | Found a staircase to the Ecumenical Temple.
  3689 | Temple   | Entered the Ecumenical Temple
  3940 | D:5      | Entered Level 5 of the Dungeon
  4190 | D:5      | Reached XP level 8. HP: 78/79 MP: 7/7
  4327 | D:5      | Found Vehuosmi's Antique Weapon Boutique.
  4644 | D:6      | Reached skill level 6 in Axes
  4874 | D:6      | Reached skill level 5 in Fighting
  5017 | D:6      | Found an opulent altar of Gozag.
  5448 | D:7      | Found a flagged portal.
  5465 | D:6      | Hit by a silver boomerang thrown by an orc warrior

Levels and vault maps discovered:
D:1:      onia_arrival_pentagram, layout_loops_ring, minmay_tree_intersection,
          doesnt_xom_only_xom
D:2:      layout_basic, chequers_ecumenical_altar_simple,
          grunt_ashenzari_visionary [grunt_ashenzari_visionary_swamp,
          grunt_ashenzari_visionary_snake], uniq_sigmund
D:3:      minmay_wonky_spiral, layout_basic, vehumet_crystals,
          overflow_temple_1_default, chequers_hall_statues_wall_a, hex_medium,
          minivault_27, minivault_27, minmay_statues_item,
          kennysheep_generic_room_13
D:4:      layout_cave_pools, kennysheep_little_box, lemuel_doored_altar,
          minmay_temple_entry_overgrown, uniq_blork_the_orc, uniq_natasha
D:5:      layout_rooms, serial_shops, shop_fountains, first_ration,
          kennysheep_potato
D:6:      layout_cave_pods, nicolae_gozag_cash_rules_everything_around_me
D:7:      layout_basic, enter_bailey_2, enter_ossuary_2, gammafunk_ghost_smash,
          uniq_maggie, uniq_menkaure
Temple:   minmay_temple_curvy_branch

Skill      XL: |  1  2  3  4  5  6  7  8 |
---------------+-------------------------+-----
Axes           | 2 3 4 5 6 |  6.9
Armour         | 1 2 3 |  3.4
Fighting       | 3 4 5 |  5.3
Shields        | 3 |  3.7
Dodging        | |  2.4

Action                   |  1- 3 |  4- 6 |  7- 9 || total
-------------------------+-------+-------+-------++-------
Melee: War axe           |   141 |   196 |   215 ||   552
  Use: Potion            |       |     1 |     2 ||     3
       Scroll            |       |       |    14 ||    14
 Stab: Sleeping          |       |     1 |       ||     1
  Eat: Chunk             |    17 |    17 |    23 ||    57
Armor: Robe              |    70 |    77 |    70 ||   217
Dodge: Dodged            |    59 |    55 |    84 ||   198
Block: Kite shield       |    94 |    84 |   118 ||   296

Table legend:
 A = Non-vault XP
 B = Vault XP
 C = Vault XP percentage of total XP
 D = Non-vault monster count
 E = Vault monster count
 F = Vault count percentage of total count
                 A         B        C        D         E       F
            +---------+---------+-------+---------+---------+-------
      Total |    2108 |     390 |  15.6 |     144 |       7 |   4.6
            +---------+---------+-------+---------+---------+-------
        D:1 |      57 |       0 |   0.0 |      25 |       0 |   0.0
        D:2 |     102 |     242 |  70.3 |      21 |       1 |   4.5
        D:3 |     278 |      14 |   4.8 |      36 |       4 |  10.0
        D:4 |     441 |     134 |  23.3 |      20 |       2 |   9.1
        D:5 |     363 |       0 |   0.0 |      19 |       0 |   0.0
        D:6 |     767 |       0 |   0.0 |      15 |       0 |   0.0
        D:7 |     100 |       0 |   0.0 |       8 |       0 |   0.0
            +---------+---------+-------+---------+---------+-------
